 Dungeon Crawl Stone Soup version 0.30.0-5-g1a98f26d00 (webtiles) character file.

Game seed: 14863969997756996291

103 Eitelfritz the Trooper (level 4, -1/41 HPs)
             Began as a Hill Orc Fighter on May 9, 2023.
             Slain by a gnoll
             ... wielding a +0 club
              (2 damage)
             ... on level 3 of the Dungeon.
             The game lasted 00:02:46 (2087 turns).

Eitelfritz the Trooper (Hill Orc Fighter)           Turns: 2087, Time: 00:02:47

Health: -1/41      AC:  7    Str: 20    XL:     4   Next: 79%
Magic:  4/4        EV:  9    Int:  8    God:
Gold:   197        SH:  4    Dex: 10    Spells: 3/3 levels left

rFire   . . .        a - +0 war axe
rCold   . . .        c - +0 buckler
rNeg    . . .        f - +0 scale mail
rPois   .            (no helmet)
rElec   .            (no cloak)
rCorr   .            (no gloves)
SInv    .            (no boots)
Will    .....        (no amulet) Stlth
                     (no ring)
HPRegen 0.26/turn    (no ring)
MPRegen 0.09/turn

%: no passive effects
@: attractive
A: no striking features
a: no special abilities


You were on level 3 of the Dungeon.
You visited 1 branch of the dungeon, and saw 3 of its levels.

You collected 197 gold pieces.

Inventory:

Hand Weapons
 a - a +0 war axe (weapon)
 b - a +0 sling
 h - a +0 antimagic hand axe
 o - a +2 flail of holy wrath
Missiles
 n - 6 poisoned darts (quivered)
Armour
 c - a +0 buckler (worn)
 f - a +0 scale mail (worn)
Wands
 s - a wand of acid (10)
Scrolls
 j - 3 scrolls of identify {unknown}
 m - a scroll of torment {unknown}
 p - 2 scrolls of teleportation {unknown}
Potions
 d - 3 potions of might
 e - a potion of lignification {unknown}
 g - a potion of curing {unknown}
 i - a potion of flight {unknown}
 k - a potion of attraction
 l - a potion of mutation {unknown}
 q - 2 potions of brilliance {unknown}
 r - a potion of degeneration {unknown}


   Skills:
 + Level 4.7 Fighting
 + Level 3.6 Axes
 + Level 4.1 Armour
 + Level 0.8 Dodging
 + Level 3.5 Shields


You had 3 spell levels left.
You didn't know any spells.
Your spell library contained the following spells:

 Spells                   Type           Power      Damage    Failure   Level
 Poisonous Vapours        Pois/Air       0%         N/A       92%         2
 Tukima's Dance           Hex            0%         N/A       99%         3
 Arcjolt                  Conj/Air       0%         1d10      100%        5
 Metabolic Englaciation   Hex/Ice        0%         N/A       100%        5
 Yara's Violent Unravell  Hex/Tmut       0%         3d3       100%        5


Dungeon Overview and Level Annotations

Branches:
Dungeon (3/15)

Altars:


Message History

You block the gnoll's attack. The gnoll hits you with a +0 whip.
You slash the gnoll!
You kill the gnoll!
You slash the gnoll!
The gnoll is heavily wounded.
You block the gnoll's attack. The gnoll hits you with a +0 club.
You hit the gnoll.
The gnoll is severely wounded.
The gnoll barely misses you.
You hit the gnoll.
The gnoll is almost dead.
The gnoll hits you but does no damage.
You barely miss the gnoll.
The gnoll is almost dead.
The gnoll hits you with a +0 club. x2
You barely miss the gnoll.
The gnoll is almost dead.
The gnoll hits you with a +0 club.
You closely miss the gnoll.
The gnoll is almost dead.
You block the gnoll's attack.
You hit the gnoll.
You kill the gnoll!
The gnoll hits you with a +0 club.
You hit the gnoll but do no damage. The gnoll hits you with a +0 club.
You hit the gnoll.
The gnoll is moderately wounded.
The gnoll hits you but does no damage.
You hit the gnoll.
The gnoll is heavily wounded.
The gnoll barely misses you. The gnoll hits you with a +0 club!
* * * LOW HITPOINT WARNING * * *
You barely miss the gnoll.
The gnoll is moderately wounded.
The gnoll hits you with a +0 club.
* * * LOW HITPOINT WARNING * * *
It was a potion of attraction.
You feel attractive to monsters. The gnoll hits you with a +0 club.
You die...

.# ##.###........#.# .# #.#
#####..#.#.# .## #.# #.#...##
..# #.#######.##.### ..#
##...............# ..#
##.....#####.##.#.## ..#
##.......## #.#.....#
..####.........###....#..#
.....'.........'@gr.............
..####.........###....#..P..PP..
..# ##.......# #.#.......P.PP.
#.# ##.....## #.###...P.P..P.
..# ##..)## #.# #..P.....P. ###
##.#+## #.# #..P.P..... #
##....# #.# ##.PP..P.P. #
##.....#######.# #
#..............#


You could see a gnoll and a rat.

Vanquished Creatures
  3 gnolls (D:3)
  3 adders (D:2)
  2 ball pythons (D:2)
  3 bats
  2 endoplasms
  5 giant cockroaches
  6 goblins
  6 hobgoblins
  2 jackals (D:3)
  4 kobolds
  A quokka (D:3)
  2 frilled lizards
  5 rats
44 creatures vanquished.

Notes
Turn   | Place    | Note
-------+----------+-------------------------------------------
     0 | D:1      | Eitelfritz the Hill Orc Fighter began the quest for the
                  | Orb.
     0 | D:1      | Reached XP level 1. HP: 19/19 MP: 1/1
   177 | D:1      | Reached XP level 2. HP: 26/27 MP: 2/2
   381 | D:1      | Found a faded altar of an unknown god.
   732 | D:2      | Reached XP level 3. HP: 31/33 MP: 3/3
   747 | D:2      | Got the Grimoire of Atmospheric Guile
  1574 | D:3      | Reached XP level 4. HP: 40/41 MP: 4/4
  2086 | D:3      | HP: 1/41 [gnoll/+0 club (5)]
  2087 | D:3      | Slain by a gnoll

Illustrated notes

Levels and vault maps discovered:
D:1:      amcnicky_arrival_gap_in_the_tavern_cellar, layout_rooms,
          shapermc_ecumenical_altar_mp_ritualfount
D:2:      layout_basic
D:3:      layout_loops_corners, dk_noncrumbling_4, nicolae_grassy_gnolls,
          uniq_terence

Skill      XL: |  1  2  3  4 |
---------------+-------------+-----
Axes           | 3 |  3.6
Fighting       | 4 |  4.7
Armour         | 4 |  4.1
Dodging        | |  0.8
Shields        | |  3.5

Action                     |  1- 3 |  4- 6 || total
---------------------------+-------+-------++-------
  Melee: War axe           |    92 |    46 ||   138
    Use: Potion            |       |     1 ||     1
 Armour: Scale mail        |    48 |    20 ||    68
  Dodge: Dodged            |    36 |    16 ||    52
  Block: Buckler           |    24 |    11 ||    35
